 Dungeon Crawl Stone Soup version 0.29-a0-911-g88e6f02907 (webtiles) character file.

Game seed: 3495516151140044885

5 Mysterykhorne the Trooper (level 1, 0/24 HPs)
             Began as an Ogre Berserker on July 25, 2022.
             Was a Follower of Trog.
             Slain by a goblin
             ... wielding a +0 dagger
              (3 damage)
             ... on level 1 of the Dungeon.
             The game lasted 00:01:18 (122 turns).

Mysterykhorne the Trooper (Ogre Berserker)           Turns: 122, Time: 00:01:19

Health: 0/24       AC:  3    Str: 20    XL:     1   Next: 80%
Magic:  1/1        EV: 10    Int:  8    God:    Trog [*.....]
Gold:   11         SH:  0    Dex:  8    Spells: 0/0 levels left

rFire   . . .      SeeInvis .   a - +0 spear
rCold   . . .      Faith    .   (no shield)
rNeg    . . .      Spirit   .   b - +0 animal skin
rPois   .          Reflect  .   (helmet restricted)
rElec   .          Harm     .   (no cloak)
rCorr   .          Rampage  .   (gloves unavailable)
Will    .....                   (boots unavailable)
Stlth   +.........              (no amulet)
HPRegen 0.08/turn               (no ring)
MPRegen 0.07/turn               (no ring)

@: no status effects
A: large, unfitting armour, tough skin 1
a: Renounce Religion, Berserk


You were on level 1 of the Dungeon.
You worshipped Trog.
Trog was aware of your devotion.
You visited 1 branch of the dungeon, and saw 1 of its levels.

You collected 11 gold pieces.

Inventory:

Hand Weapons
 a - a +0 spear (weapon)
Armour
 b - a +0 animal skin (worn)
Potions
 c - a potion of ambrosia {unknown}


   Skills:
 + Level 4.2 Fighting
 + Level 3.1 Polearms
 + Level 2.8 Dodging


You couldn't memorise any spells.
You didn't know any spells.
Your spell library was empty.

Dungeon Overview and Level Annotations

Branches:
Dungeon (1/15)

Altars:


Innate Abilities, Weirdness & Mutations

You are too large for most types of armour.
You have tough skin. (AC +1)


Message History

You hit the frilled lizard but do no damage.
The bat closely misses you. The giant cockroach barely misses you.
The goblin hits you but does no damage. The frilled lizard bites you.
You puncture the frilled lizard!
You kill the frilled lizard!
Trog accepts your kill. The bat barely misses you.
The giant cockroach barely misses you. The goblin hits you with a +0 dagger.
The giant cockroach bites you. The bat hits you but does no damage.
The goblin barely misses you. The bat closely misses you.
The giant cockroach attacks as you move away!
The giant cockroach bites you but does no damage.
The bat misses you.
The giant cockroach attacks as you move away!
The giant cockroach closely misses you. The bat hits you. The bat hits you.
The bat hits you.
* * * LOW HITPOINT WARNING * * *
The bat closely misses you.
You hit the giant cockroach but do no damage.
The bat hits you but does no damage. The giant cockroach closely misses you.
You barely miss the giant cockroach. The bat closely misses you.
The bat hits you but does no damage.
The giant cockroach bites you but does no damage.
You hit the giant cockroach but do no damage.
The bat barely misses you. The giant cockroach bites you.
* * * LOW HITPOINT WARNING * * *
The goblin hits you with a +0 dagger.
* * * LOW HITPOINT WARNING * * *
You hit the giant cockroach.
The giant cockroach is severely wounded.
The giant cockroach bites you but does no damage.
The bat barely misses you. The goblin hits you but does no damage.
You hit the giant cockroach.
You kill the giant cockroach!
Trog accepts your kill. The bat hits you.
* * * LOW HITPOINT WARNING * * *
The bat closely misses you. The goblin hits you with a +0 dagger.
You die...

#. #)# #.# ####. #.# ..## #
#.... #.. ... . .. #.... #.#
..#.# #.## #....
#.####..#.####.. .
###....####........... ..# #.
..........#..###..#.####.####.
............g.......##........
....##.##.#.†@...........#.##.
. #..(.....b...............
..####..##.###.##........
#........##'###.##!.......
.... .................#.##.
..............#####)..#.###
.##...##..#...####......# #
...##..##..........#.# #
.......................


You could see a goblin and a bat.

Vanquished Creatures
  An endoplasm (D:1)
  A giant cockroach (D:1)
  A goblin (D:1)
  A hobgoblin (D:1)
  A frilled lizard (D:1)
  A rat (D:1)
6 creatures vanquished.

Notes
Turn   | Place    | Note
-------+----------+-------------------------------------------
     0 | D:1      | Mysterykhorne the Ogre Berserker began the quest for the
                  | Orb.
     0 | D:1      | Reached XP level 1. HP: 24/24 MP: 1/1
   122 | D:1      | Slain by a goblin

Illustrated notes

Levels and vault maps discovered:
D:1:      sevenhm_arrival_forest_fort_small_3, layout_basic, serial_shops,
          nicolae_lakefront_shop, nicolae_shop_stone, nicolae_shop_crystal

Action                   || total
-------------------------++-------
Melee: Spear             ||    32
Armor: Animal skin       ||    14
Dodge: Dodged            ||    27

Table legend: (Time is in decaauts)
 A = Elapsed time spent in this place.
 B = Non-inter-level travel time spent in this place.
 C = Inter-level travel time spent in this place.
 D = Time resting spent in this place.
 E = Time spent auto-exploring this place.
 F = Levels seen in this place.
 G = Mean time per level.
                   A        B        C        D        E       F      G
               +--------+--------+--------+--------+--------+-----+--------+
         Total |    120 |     64 |     56 |      0 |      0 |   1 |  120.0 |
       Dungeon |    120 |     64 |     56 |      0 |      0 |   1 |  120.0 |
               +--------+--------+--------+--------+--------+-----+--------+

Top non-repeatable levels by time:
     D:1: 120 daAuts
